Connexion

Palm Springs Eager vs Wild

Created - 22 avril 2024 at 08:01

Goals
1 2 3 T
Palm Springs Eager 1 2 1 4
Wild 1 0 1 2
Shots
1 2 3 T
Palm Springs Eager 7 15 6 28
Wild 19 9 8 36

GoalsPenalties
1st period
1. Wild , Taylor Raddysh 2 (Ben Gleason 5, Danick Martel 7) at 1:08
2. Palm Springs Eager , Jonathan Toews 6 (Lias Andersson 3, Vili Saarijarvi 1) at 10:28
Colin Miller (SEA) for Slashing (Minor) at 14:48
Radko Gudas (SEA) for Roughing (Minor) at 18:25
2nd period
3. Palm Springs Eager , Lias Andersson 1 (Vili Saarijarvi 2, Jonathan Toews 2) at 2:02
4. Palm Springs Eager , Ryan Graves 2 (Jonathan Toews 3, Rocco Grimaldi 6) at 11:45 (PP)
Jeremy Gregoire (IOW) for Roughing (Minor) at 4:28
Tanner Pearson (IOW) for Roughing (Minor) at 9:47
Mike Hardman (SEA) for Cross-checking (Minor) at 19:13
3rd period
5. Palm Springs Eager , Lias Andersson 2 (Nikita Nesterenko 1, Jonathan Toews 4) at 10:19
6. Wild , Joseph Gambardella 2 (Anders Bjork 3) at 11:06 (PP)
Radko Gudas (SEA) for Charging (Minor) at 10:26
Jonathan Toews (SEA) for High sticking (Minor) at 11:57
Connor Hobbs (IOW) for Holding (Minor) at 16:10
Goalie Stats
Anton Forsberg (SEA), 34 saves from 36 shots - (0,944), W, 5-0-0, 60:00 minutes
Maxime Lagace (IOW), 24 saves from 28 shots - (0,857), L, 3-3-0, 60:00 minutes
3 StarsOfficial
1 - Lias Andersson (SEA)
2 - Jonathan Toews (SEA)
3 - Vili Saarijarvi (SEA)
Referees : Chris Rooney and Gord Dwyer
Linesman : Brad Lazarowich and Darren Gibbs
Game Note
No Game Note
Finance
Level 1 -- Attendance: 2000 (100,00%) -- Ticket Income $80,000
Level 2 -- Attendance: 1000 (100,00%) -- Ticket Income $20,000
Total Attendance: 3000 (100,00%)
Total Ticket Income: $100,000
Other Income: $20,000
Total Income: $120,000



Team Name Goals Shots Shots Attemp Shots Blocked PIM HIT PP PK FO%
Palm Springs Eager 428651010291 / 3 (33%)146%
Wild 23671146191 / 5 (20%)154%

Palm Springs Eager
Player Name POS G A P +/- PIM HIT SHT SB MP PP MP PP SHT PK MP PK SHT FO% FOT
Alexander CampbellC/LW000000108:550:0000:0000% 0
Colin MillerD0003220313:230:0000:2200% 0
Dmitry OvchinnikovLW000000000:000:0000:0000% 0
Gavin BayreutherD0000012222:003:0414:1300% 0
Jonathan ToewsC1342202125:242:2114:39048% 25
Lias AnderssonC2133024013:310:0001:33050% 24
Mike HardmanC/LW/RW0000275020:012:4910:0600% 0
Nico SturmC/LW0000003021:382:4901:42045% 20
Nikita NesterenkoC/LW/RW0113011011:580:0000:0000% 0
Radko GudasD000-14110123:042:5202:3100% 0
Riley DuranC000000101:470:4600:00050% 2
Rocco GrimaldiC/RW011-1001026:183:0706:4800% 3
Ryan GravesD101-1012225:092:5214:3400% 0
Saku MaenalanenC/LW/RW0000004020:382:4900:42050% 2
Scott MayfieldD0000001121:493:0414:0200% 0
Scott ReedyC000002008:550:0000:00053% 15
Steven LorentzC/LW000-1011012:173:0711:4200% 3
Vili SaarijarviD0223010014:320:0001:3000% 0
Wild
Player Name POS G A P +/- PIM HIT SHT SB MP PP MP PP SHT PK MP PK SHT FO% FOT
Anders BjorkLW/RW011-1005023:004:2004:1600% 1
Anthony LouisC/LW0000004017:514:1620:000100% 1
Antti SuomelaC000000001:040:0000:2800% 0
Ben GleasonD011-1001220:073:4002:3600% 0
Ben ThomasD000-1000014:350:0000:2200% 0
Connor HobbsD000-1202419:343:4021:3400% 0
Danick MartelC/LW0110012019:044:1601:13045% 31
Dillon SimpsonD0000033125:154:5612:5500% 0
Eemeli RasanenD000-1000215:060:0001:2300% 0
Jalen ChatfieldD0000011225:224:5603:0200% 0
Jeremy GregoireC/LW/RW000-1212012:320:0000:00038% 13
Joseph GambardellaC/LW101-1013019:574:2011:13063% 32
Kasper BjorkqvistLW/RW000-1013014:120:0001:390100% 3
Lukas JasekC/RW000000004:560:0000:00063% 8
Michael MerschLW/RW000-1000112:330:0000:0000% 1
Nikita JevpalovsLW/RW000001014:560:0000:0000% 0
Tanner PearsonLW000-1244126:064:2023:03075% 4
Taylor RaddyshRW1010066017:514:1630:0000% 0



Play-by-Play

1st period


0:01 of 1st period - Joseph Gambardella wins face-off versus Rocco Grimaldi in neutral zone.
0:29 of 1st period - Shot by Jonathan Toews.
0:29 of 1st period - Shot Blocked by Jalen Chatfield.
1:02 of 1st period - Shot by Taylor Raddysh.
1:02 of 1st period - Shot Misses the Net.
1:04 of 1st period - Shot by Danick Martel.
1:04 of 1st period - Shot Blocked by Radko Gudas.
1:06 of 1st period - Shot by Ben Gleason.
1:06 of 1st period - Stopped by Anton Forsberg with a rebound.
1:08 of 1st period - Shot by Taylor Raddysh.
1:08 of 1st period - Goal by Taylor Raddysh - Palm Springs Eager : 0 - Wild : 1.
1:09 of 1st period - Jeremy Gregoire wins face-off versus Nico Sturm in neutral zone.
1:44 of 1st period - Shot by Saku Maenalanen.
1:44 of 1st period - Shot Misses the Net.
1:46 of 1st period - Shot by Saku Maenalanen.
1:46 of 1st period - Shot Misses the Net.
2:10 of 1st period - Shot by Taylor Raddysh.
2:10 of 1st period - Stopped by Anton Forsberg without a rebound.
2:11 of 1st period - Lukas Jasek wins face-off versus Lias Andersson in Palm Springs Eager zone.
2:19 of 1st period - Icing by Colin Miller.
2:20 of 1st period - Joseph Gambardella wins face-off versus Lias Andersson in Palm Springs Eager zone.
2:25 of 1st period - Shot by Joseph Gambardella.
2:25 of 1st period - Stopped by Anton Forsberg without a rebound.
2:26 of 1st period - Scott Reedy wins face-off versus Danick Martel in Palm Springs Eager zone.
2:26 of 1st period - Scott Reedy is hit by Taylor Raddysh.
2:29 of 1st period - Icing by Ryan Graves.
2:30 of 1st period - Joseph Gambardella wins face-off versus Rocco Grimaldi in Palm Springs Eager zone.
2:57 of 1st period - Shot by Tanner Pearson.
2:57 of 1st period - Shot Blocked by Ryan Graves.
2:59 of 1st period - Shot by Anders Bjork.
2:59 of 1st period - Stopped by Anton Forsberg without a rebound.
3:00 of 1st period - Lias Andersson wins face-off versus Danick Martel in Palm Springs Eager zone.
3:08 of 1st period - Icing by Connor Hobbs.
3:09 of 1st period - Danick Martel wins face-off versus Lias Andersson in Wild zone.
3:18 of 1st period - Off-side.
3:19 of 1st period - Lukas Jasek wins face-off versus Jonathan Toews in neutral zone.
3:37 of 1st period - Off-side.
3:38 of 1st period - Nico Sturm wins face-off versus Danick Martel in neutral zone.
3:47 of 1st period - Shot by Anthony Louis.
3:47 of 1st period - Stopped by Anton Forsberg without a rebound.
3:48 of 1st period - Joseph Gambardella wins face-off versus Jonathan Toews in Palm Springs Eager zone.
3:53 of 1st period - Icing by Scott Mayfield.
3:54 of 1st period - Joseph Gambardella wins face-off versus Lias Andersson in Palm Springs Eager zone.
4:08 of 1st period - Icing by Scott Mayfield.
4:09 of 1st period - Lias Andersson wins face-off versus Danick Martel in Palm Springs Eager zone.
4:37 of 1st period - Shot by Anthony Louis.
4:37 of 1st period - Stopped by Anton Forsberg without a rebound.
4:38 of 1st period - Nico Sturm wins face-off versus Joseph Gambardella in Palm Springs Eager zone.
4:53 of 1st period - Shot by Anders Bjork.
4:53 of 1st period - Deflect By Tanner Pearson.
4:53 of 1st period - Stopped by Anton Forsberg without a rebound.
4:54 of 1st period - Scott Reedy wins face-off versus Jeremy Gregoire in Palm Springs Eager zone.
4:58 of 1st period - Rocco Grimaldi is hit by Jeremy Gregoire and loses puck.
6:01 of 1st period - Tanner Pearson is hit by Mike Hardman and loses puck.
6:18 of 1st period - Shot by Nico Sturm.
6:18 of 1st period - Shot Hit the Post.
6:26 of 1st period - Shot by Mike Hardman.
6:26 of 1st period - Shot Misses the Net.
6:28 of 1st period - Shot by Nico Sturm.
6:28 of 1st period - Shot Misses the Net.
6:30 of 1st period - Shot by Radko Gudas.
6:30 of 1st period - Shot Misses the Net.
6:32 of 1st period - Shot by Mike Hardman.
6:32 of 1st period - Stopped by Maxime Lagace with a rebound.
7:44 of 1st period - Shot by Danick Martel.
7:44 of 1st period - Shot Blocked by Colin Miller.
8:02 of 1st period - Shot by Danick Martel.
8:02 of 1st period - Stopped by Anton Forsberg without a rebound.
8:03 of 1st period - Kasper Bjorkqvist wins face-off versus Nico Sturm in Palm Springs Eager zone.
8:16 of 1st period - Shot by Kasper Bjorkqvist.
8:16 of 1st period - Stopped by Anton Forsberg without a rebound.
8:17 of 1st period - Lias Andersson wins face-off versus Danick Martel in Palm Springs Eager zone.
8:17 of 1st period - Lias Andersson is hit by Taylor Raddysh.
8:27 of 1st period - Shot by Jonathan Toews.
8:27 of 1st period - Shot Misses the Net.
8:41 of 1st period - Icing by Danick Martel.
8:42 of 1st period - Nico Sturm wins face-off versus Danick Martel in Wild zone.
8:56 of 1st period - Anthony Louis is hit by Radko Gudas and loses puck.
9:17 of 1st period - Shot by Nico Sturm.
9:17 of 1st period - Stopped by Maxime Lagace with a rebound.
10:05 of 1st period - Off-side.
10:06 of 1st period - Lias Andersson wins face-off versus Jeremy Gregoire in neutral zone.
10:09 of 1st period - Jeremy Gregoire is hit by Lias Andersson and loses puck.
10:14 of 1st period - Shot by Lias Andersson.
10:14 of 1st period - Shot Blocked by Eemeli Rasanen.
10:26 of 1st period - Shot by Lias Andersson.
10:26 of 1st period - Shot Misses the Net.
10:28 of 1st period - Shot by Jonathan Toews.
10:28 of 1st period - Goal by Jonathan Toews - Palm Springs Eager : 1 - Wild : 1.
10:29 of 1st period - Lukas Jasek wins face-off versus Scott Reedy in neutral zone.
11:05 of 1st period - Icing by Radko Gudas.
11:06 of 1st period - Scott Reedy wins face-off versus Jeremy Gregoire in Palm Springs Eager zone.
12:04 of 1st period - Shot by Saku Maenalanen.
12:04 of 1st period - Stopped by Maxime Lagace without a rebound.
12:05 of 1st period - Lias Andersson wins face-off versus Danick Martel in Wild zone.
12:30 of 1st period - Shot by Danick Martel.
12:30 of 1st period - Stopped by Anton Forsberg without a rebound.
12:31 of 1st period - Joseph Gambardella wins face-off versus Scott Reedy in Palm Springs Eager zone.
12:40 of 1st period - Shot by Anders Bjork.
12:40 of 1st period - Shot Misses the Net.
12:42 of 1st period - Shot by Jalen Chatfield.
12:42 of 1st period - Stopped by Anton Forsberg without a rebound.
12:43 of 1st period - Jonathan Toews wins face-off versus Lukas Jasek in Palm Springs Eager zone.
12:54 of 1st period - Shot by Jonathan Toews.
12:54 of 1st period - Shot Misses the Net.
12:56 of 1st period - Shot by Gavin Bayreuther.
12:56 of 1st period - Shot Misses the Net.
12:58 of 1st period - Shot by Rocco Grimaldi.
12:58 of 1st period - Stopped by Maxime Lagace without a rebound.
12:59 of 1st period - Danick Martel wins face-off versus Nico Sturm in Wild zone.
12:59 of 1st period - Danick Martel is hit by Mike Hardman.
13:22 of 1st period - Danick Martel is hit by Radko Gudas and loses puck.
13:41 of 1st period - Shot by Danick Martel.
13:41 of 1st period - Shot Misses the Net.
13:59 of 1st period - Shot by Anders Bjork.
13:59 of 1st period - Stopped by Anton Forsberg with a rebound.
14:01 of 1st period - Shot by Tanner Pearson.
14:01 of 1st period - Deflect By Anders Bjork.
14:01 of 1st period - Stopped by Anton Forsberg with a rebound.
14:05 of 1st period - Shot by Joseph Gambardella.
14:05 of 1st period - Shot Misses the Net.
14:07 of 1st period - Shot by Anders Bjork.
14:07 of 1st period - Stopped by Anton Forsberg without a rebound.
14:08 of 1st period - Jonathan Toews wins face-off versus Jeremy Gregoire in Palm Springs Eager zone.
14:40 of 1st period - Jeremy Gregoire is hit by Vili Saarijarvi and loses puck.
14:48 of 1st period - Minor Penalty to Colin Miller for Slashing.
14:49 of 1st period - Jonathan Toews wins face-off versus Joseph Gambardella in Palm Springs Eager zone.
14:58 of 1st period - Shot by Tanner Pearson.
14:58 of 1st period - Stopped by Anton Forsberg without a rebound.
14:59 of 1st period - Jonathan Toews wins face-off versus Joseph Gambardella in Palm Springs Eager zone.
14:59 of 1st period - Jonathan Toews is hit by Tanner Pearson.
16:25 of 1st period - Shot by Taylor Raddysh.
16:25 of 1st period - Stopped by Anton Forsberg without a rebound.
16:26 of 1st period - Anthony Louis wins face-off versus Steven Lorentz in Palm Springs Eager zone.
17:02 of 1st period - Shot by Michael Mersch.
17:02 of 1st period - Deflect By Jeremy Gregoire.
17:02 of 1st period - Stopped by Anton Forsberg without a rebound.
17:03 of 1st period - Lukas Jasek wins face-off versus Lias Andersson in Palm Springs Eager zone.
17:14 of 1st period - Shot by Radko Gudas.
17:14 of 1st period - Shot Blocked by Nikita Jevpalovs.
17:22 of 1st period - Shot by Lias Andersson.
17:22 of 1st period - Deflect By Riley Duran.
17:22 of 1st period - Stopped by Maxime Lagace without a rebound.
17:23 of 1st period - Jeremy Gregoire wins face-off versus Nico Sturm in Wild zone.
17:28 of 1st period - Shot by Kasper Bjorkqvist.
17:28 of 1st period - Stopped by Anton Forsberg without a rebound.
17:29 of 1st period - Lias Andersson wins face-off versus Joseph Gambardella in Palm Springs Eager zone.
17:29 of 1st period - Lias Andersson is hit by Tanner Pearson.
17:42 of 1st period - Icing by Nikita Nesterenko.
17:43 of 1st period - Danick Martel wins face-off versus Lias Andersson in Palm Springs Eager zone.
17:55 of 1st period - Jonathan Toews is hit by Taylor Raddysh and loses puck.
18:06 of 1st period - Shot by Lias Andersson.
18:06 of 1st period - Deflect By Nikita Nesterenko.
18:06 of 1st period - Stopped by Maxime Lagace without a rebound.
18:07 of 1st period - Joseph Gambardella wins face-off versus Nico Sturm in Wild zone.
18:23 of 1st period - Anders Bjork is hit by Radko Gudas and loses puck.
18:25 of 1st period - Minor Penalty to Radko Gudas for Roughing.
18:26 of 1st period - Danick Martel wins face-off versus Jonathan Toews in Palm Springs Eager zone.
18:35 of 1st period - Gavin Bayreuther is hit by Taylor Raddysh.
19:00 of 1st period - Shot by Jalen Chatfield.
19:00 of 1st period - Shot Misses the Net.
19:02 of 1st period - Shot by Danick Martel.
19:02 of 1st period - Shot Blocked by Ryan Graves.
19:04 of 1st period - Shot by Jalen Chatfield.
19:04 of 1st period - Shot Misses the Net.
19:06 of 1st period - Shot by Taylor Raddysh.
19:06 of 1st period - Shot Hit the Post.
19:08 of 1st period - Shot by Dillon Simpson.
19:08 of 1st period - Shot Misses the Net.
19:22 of 1st period - Shot by Ben Gleason.
19:22 of 1st period - Shot Misses the Net.
19:32 of 1st period - Steven Lorentz is hit by Tanner Pearson and loses puck.
19:53 of 1st period - Shot by Joseph Gambardella.
19:53 of 1st period - Shot Misses the Net.
Goals for this period are 1 for Palm Springs Eager vs 1 for Wild.
Shots for this period are 7 for Palm Springs Eager vs 19 for Wild.

2nd period


0:01 of 2nd period - Jonathan Toews wins face-off versus Anders Bjork in neutral zone.
0:03 of 2nd period - Off-side.
0:04 of 2nd period - Joseph Gambardella wins face-off versus Jonathan Toews in neutral zone.
0:22 of 2nd period - Shot by Dillon Simpson.
0:22 of 2nd period - Stopped by Anton Forsberg without a rebound.
0:23 of 2nd period - Danick Martel wins face-off versus Jonathan Toews in Palm Springs Eager zone.
0:26 of 2nd period - Shot by Anthony Louis.
0:26 of 2nd period - Shot Misses the Net.
0:42 of 2nd period - Shot by Kasper Bjorkqvist.
0:42 of 2nd period - Deflect By Michael Mersch.
0:42 of 2nd period - Shot Misses the Net.
0:51 of 2nd period - Shot by Jeremy Gregoire.
0:51 of 2nd period - Shot Blocked by Gavin Bayreuther.
0:58 of 2nd period - Shot by Jeremy Gregoire.
0:58 of 2nd period - Shot Blocked by Gavin Bayreuther.
1:16 of 2nd period - Shot by Joseph Gambardella.
1:16 of 2nd period - Stopped by Anton Forsberg without a rebound.
1:17 of 2nd period - Joseph Gambardella wins face-off versus Jonathan Toews in Palm Springs Eager zone.
1:17 of 2nd period - Anders Bjork is hit by Radko Gudas and loses puck.
1:21 of 2nd period - Tanner Pearson is hit by Radko Gudas and loses puck.
1:34 of 2nd period - Shot by Anders Bjork.
1:34 of 2nd period - Stopped by Anton Forsberg without a rebound.
1:35 of 2nd period - Danick Martel wins face-off versus Lias Andersson in Palm Springs Eager zone.
1:38 of 2nd period - Shot by Anthony Louis.
1:38 of 2nd period - Shot Misses the Net.
1:50 of 2nd period - Shot by Vili Saarijarvi.
1:50 of 2nd period - Shot Misses the Net.
1:52 of 2nd period - Shot by Nikita Nesterenko.
1:52 of 2nd period - Shot Blocked by Connor Hobbs.
1:54 of 2nd period - Shot by Vili Saarijarvi.
1:54 of 2nd period - Shot Misses the Net.
1:56 of 2nd period - Shot by Lias Andersson.
1:56 of 2nd period - Shot Misses the Net.
1:58 of 2nd period - Shot by Lias Andersson.
1:58 of 2nd period - Deflect By Jonathan Toews.
1:58 of 2nd period - Shot Blocked by Connor Hobbs.
2:02 of 2nd period - Shot by Lias Andersson.
2:02 of 2nd period - Goal by Lias Andersson - Palm Springs Eager : 2 - Wild : 1.
2:03 of 2nd period - Scott Reedy wins face-off versus Joseph Gambardella in neutral zone.
2:07 of 2nd period - Rocco Grimaldi is hit by Dillon Simpson and loses puck.
2:13 of 2nd period - Off-side.
2:14 of 2nd period - Nico Sturm wins face-off versus Lukas Jasek in neutral zone.
2:43 of 2nd period - Radko Gudas is hit by Dillon Simpson.
2:47 of 2nd period - Shot by Nico Sturm.
2:47 of 2nd period - Stopped by Maxime Lagace without a rebound.
2:48 of 2nd period - Jonathan Toews wins face-off versus Danick Martel in Wild zone.
3:18 of 2nd period - Off-side.
3:19 of 2nd period - Nico Sturm wins face-off versus Joseph Gambardella in neutral zone.
3:36 of 2nd period - Shot by Mike Hardman.
3:36 of 2nd period - Stopped by Maxime Lagace with a rebound.
3:54 of 2nd period - Shot by Saku Maenalanen.
3:54 of 2nd period - Stopped by Maxime Lagace without a rebound.
3:55 of 2nd period - Jonathan Toews wins face-off versus Danick Martel in Wild zone.
4:04 of 2nd period - Icing by Jonathan Toews.
4:05 of 2nd period - Jonathan Toews wins face-off versus Jeremy Gregoire in Palm Springs Eager zone.
4:28 of 2nd period - Minor Penalty to Jeremy Gregoire for Roughing.
4:29 of 2nd period - Tanner Pearson wins face-off versus Nico Sturm in Wild zone.
5:01 of 2nd period - Tanner Pearson is hit by Mike Hardman and loses puck.
5:32 of 2nd period - Shot by Steven Lorentz.
5:32 of 2nd period - Stopped by Maxime Lagace without a rebound.
5:33 of 2nd period - Jonathan Toews wins face-off versus Joseph Gambardella in Wild zone.
5:36 of 2nd period - Shot by Scott Mayfield.
5:36 of 2nd period - Stopped by Maxime Lagace without a rebound.
5:37 of 2nd period - Tanner Pearson wins face-off versus Jonathan Toews in Wild zone.
5:48 of 2nd period - Shot by Jonathan Toews.
5:48 of 2nd period - Stopped by Maxime Lagace with a rebound.
5:50 of 2nd period - Shot by Jonathan Toews.
5:50 of 2nd period - Shot Misses the Net.
6:33 of 2nd period - Shot by Nico Sturm.
6:33 of 2nd period - Shot Blocked by Jalen Chatfield.
6:47 of 2nd period - Shot by Mike Hardman.
6:47 of 2nd period - Shot Misses the Net.
6:49 of 2nd period - Shot by Colin Miller.
6:49 of 2nd period - Shot Blocked by Dillon Simpson.
6:51 of 2nd period - Shot by Saku Maenalanen.
6:51 of 2nd period - Stopped by Maxime Lagace without a rebound.
6:52 of 2nd period - Lias Andersson wins face-off versus Michael Mersch in Wild zone.
7:26 of 2nd period - Shot by Kasper Bjorkqvist.
7:26 of 2nd period - Shot Misses the Net.
7:33 of 2nd period - Kasper Bjorkqvist is hit by Radko Gudas and loses puck.
7:43 of 2nd period - Nikita Nesterenko is hit by Taylor Raddysh and loses puck.
8:01 of 2nd period - Nikita Nesterenko is hit by Taylor Raddysh.
8:24 of 2nd period - Danick Martel is hit by Gavin Bayreuther and loses puck.
9:06 of 2nd period - Nikita Jevpalovs is hit by Scott Reedy and loses puck.
9:47 of 2nd period - Minor Penalty to Tanner Pearson for Roughing.
9:48 of 2nd period - Kasper Bjorkqvist wins face-off versus Riley Duran in Wild zone.
10:07 of 2nd period - Jalen Chatfield is hit by Steven Lorentz and loses puck.
10:15 of 2nd period - Icing by Riley Duran.
10:16 of 2nd period - Riley Duran wins face-off versus Joseph Gambardella in Palm Springs Eager zone.
10:16 of 2nd period - Riley Duran is hit by Danick Martel.
10:21 of 2nd period - Rocco Grimaldi is hit by Jalen Chatfield and loses puck.
10:33 of 2nd period - Off-side.
10:34 of 2nd period - Kasper Bjorkqvist wins face-off versus Nico Sturm in neutral zone.
11:09 of 2nd period - Shot by Gavin Bayreuther.
11:09 of 2nd period - Stopped by Maxime Lagace with a rebound.
11:11 of 2nd period - Shot by Nico Sturm.
11:11 of 2nd period - Shot Misses the Net.
11:13 of 2nd period - Shot by Nico Sturm.
11:13 of 2nd period - Shot Blocked by Ben Gleason.
11:15 of 2nd period - Shot by Saku Maenalanen.
11:15 of 2nd period - Shot Blocked by Ben Gleason.
11:39 of 2nd period - Shot by Rocco Grimaldi.
11:39 of 2nd period - Shot Misses the Net.
11:43 of 2nd period - Shot by Jonathan Toews.
11:43 of 2nd period - Shot Misses the Net.
11:45 of 2nd period - Shot by Ryan Graves.
11:45 of 2nd period - Goal by Ryan Graves - Palm Springs Eager : 3 - Wild : 1.
11:46 of 2nd period - Lias Andersson wins face-off versus Lukas Jasek in neutral zone.
12:11 of 2nd period - Shot by Lias Andersson.
12:11 of 2nd period - Shot Misses the Net.
12:13 of 2nd period - Shot by Lias Andersson.
12:13 of 2nd period - Stopped by Maxime Lagace without a rebound.
12:14 of 2nd period - Nico Sturm wins face-off versus Danick Martel in Wild zone.
12:15 of 2nd period - Shot by Saku Maenalanen.
12:15 of 2nd period - Shot Misses the Net.
12:24 of 2nd period - Shot by Mike Hardman.
12:24 of 2nd period - Stopped by Maxime Lagace without a rebound.
12:25 of 2nd period - Joseph Gambardella wins face-off versus Scott Reedy in Wild zone.
12:36 of 2nd period - Shot by Tanner Pearson.
12:36 of 2nd period - Shot Misses the Net.
12:48 of 2nd period - Radko Gudas is hit by Joseph Gambardella and loses puck.
13:34 of 2nd period - Shot by Dillon Simpson.
13:34 of 2nd period - Stopped by Anton Forsberg without a rebound.
13:35 of 2nd period - Lias Andersson wins face-off versus Jeremy Gregoire in Palm Springs Eager zone.
14:35 of 2nd period - Icing by Scott Mayfield.
14:36 of 2nd period - Nico Sturm wins face-off versus Joseph Gambardella in Palm Springs Eager zone.
14:47 of 2nd period - Shot by Joseph Gambardella.
14:47 of 2nd period - Shot Misses the Net.
15:09 of 2nd period - Shot by Tanner Pearson.
15:09 of 2nd period - Shot Hit the Post.
15:18 of 2nd period - Icing by Scott Mayfield.
15:19 of 2nd period - Saku Maenalanen wins face-off versus Danick Martel in Palm Springs Eager zone.
15:23 of 2nd period - Off-side.
15:24 of 2nd period - Jonathan Toews wins face-off versus Danick Martel in neutral zone.
15:39 of 2nd period - Shot by Ryan Graves.
15:39 of 2nd period - Shot Misses the Net.
15:41 of 2nd period - Shot by Ryan Graves.
15:41 of 2nd period - Stopped by Maxime Lagace without a rebound.
15:42 of 2nd period - Jeremy Gregoire wins face-off versus Lias Andersson in Wild zone.
15:56 of 2nd period - Icing by Jonathan Toews.
15:57 of 2nd period - Joseph Gambardella wins face-off versus Jonathan Toews in Palm Springs Eager zone.
16:00 of 2nd period - Shot by Tanner Pearson.
16:00 of 2nd period - Stopped by Anton Forsberg without a rebound.
16:01 of 2nd period - Joseph Gambardella wins face-off versus Jonathan Toews in Palm Springs Eager zone.
16:22 of 2nd period - Shot by Tanner Pearson.
16:22 of 2nd period - Shot Misses the Net.
16:33 of 2nd period - Anders Bjork is hit by Radko Gudas and loses puck.
17:07 of 2nd period - Shot by Nico Sturm.
17:07 of 2nd period - Stopped by Maxime Lagace without a rebound.
17:08 of 2nd period - Jeremy Gregoire wins face-off versus Nico Sturm in Wild zone.
17:08 of 2nd period - Jeremy Gregoire is hit by Mike Hardman.
17:20 of 2nd period - Shot by Saku Maenalanen.
17:20 of 2nd period - Stopped by Maxime Lagace with a rebound.
17:39 of 2nd period - Shot by Michael Mersch.
17:39 of 2nd period - Shot Blocked by Colin Miller.
18:01 of 2nd period - Shot by Ben Gleason.
18:01 of 2nd period - Shot Blocked by Colin Miller.
18:09 of 2nd period - Shot by Taylor Raddysh.
18:09 of 2nd period - Stopped by Anton Forsberg without a rebound.
18:10 of 2nd period - Scott Reedy wins face-off versus Joseph Gambardella in Palm Springs Eager zone.
18:12 of 2nd period - Icing by Rocco Grimaldi.
18:13 of 2nd period - Joseph Gambardella wins face-off versus Scott Reedy in Palm Springs Eager zone.
18:17 of 2nd period - Icing by Ryan Graves.
18:18 of 2nd period - Joseph Gambardella wins face-off versus Scott Reedy in Palm Springs Eager zone.
18:21 of 2nd period - Shot by Dillon Simpson.
18:21 of 2nd period - Stopped by Anton Forsberg without a rebound.
18:22 of 2nd period - Joseph Gambardella wins face-off versus Rocco Grimaldi in Palm Springs Eager zone.
19:13 of 2nd period - Minor Penalty to Mike Hardman for Cross-checking.
19:14 of 2nd period - Danick Martel wins face-off versus Jonathan Toews in Palm Springs Eager zone.
19:41 of 2nd period - Shot by Taylor Raddysh.
19:41 of 2nd period - Stopped by Anton Forsberg with a rebound.
19:43 of 2nd period - Shot by Connor Hobbs.
19:43 of 2nd period - Stopped by Anton Forsberg without a rebound.
19:44 of 2nd period - Joseph Gambardella wins face-off versus Steven Lorentz in Palm Springs Eager zone.
Goals for this period are 2 for Palm Springs Eager vs 0 for Wild.
Shots for this period are 15 for Palm Springs Eager vs 9 for Wild.

3rd period


0:01 of 3rd period - Jonathan Toews wins face-off versus Tanner Pearson in neutral zone.
0:30 of 3rd period - Shot by Tanner Pearson.
0:30 of 3rd period - Stopped by Anton Forsberg with a rebound.
0:32 of 3rd period - Shot by Tanner Pearson.
0:32 of 3rd period - Shot Misses the Net.
0:36 of 3rd period - Shot by Dillon Simpson.
0:36 of 3rd period - Shot Misses the Net.
0:40 of 3rd period - Shot by Joseph Gambardella.
0:40 of 3rd period - Shot Misses the Net.
0:42 of 3rd period - Shot by Anders Bjork.
0:42 of 3rd period - Shot Misses the Net.
1:16 of 3rd period - Nico Sturm is hit by Kasper Bjorkqvist and loses puck.
1:42 of 3rd period - Shot by Mike Hardman.
1:42 of 3rd period - Stopped by Maxime Lagace with a rebound.
1:44 of 3rd period - Shot by Nico Sturm.
1:44 of 3rd period - Shot Blocked by Eemeli Rasanen.
2:41 of 3rd period - Michael Mersch is hit by Nikita Nesterenko and loses puck.
5:16 of 3rd period - Radko Gudas is hit by Nikita Jevpalovs and loses puck.
5:22 of 3rd period - Off-side.
5:23 of 3rd period - Scott Reedy wins face-off versus Joseph Gambardella in neutral zone.
5:51 of 3rd period - Joseph Gambardella is hit by Radko Gudas and loses puck.
6:11 of 3rd period - Shot by Jeremy Gregoire.
6:11 of 3rd period - Stopped by Anton Forsberg without a rebound.
6:12 of 3rd period - Danick Martel wins face-off versus Lias Andersson in Palm Springs Eager zone.
6:13 of 3rd period - Shot by Anthony Louis.
6:13 of 3rd period - Shot Misses the Net.
6:19 of 3rd period - Anthony Louis is hit by Lias Andersson.
6:28 of 3rd period - Icing by Gavin Bayreuther.
6:29 of 3rd period - Lukas Jasek wins face-off versus Lias Andersson in Palm Springs Eager zone.
6:43 of 3rd period - Shot by Gavin Bayreuther.
6:43 of 3rd period - Stopped by Maxime Lagace without a rebound.
6:44 of 3rd period - Danick Martel wins face-off versus Nico Sturm in Wild zone.
6:44 of 3rd period - Anthony Louis is hit by Mike Hardman and loses puck.
6:48 of 3rd period - Icing by Dillon Simpson.
6:49 of 3rd period - Nico Sturm wins face-off versus Danick Martel in Wild zone.
7:00 of 3rd period - Shot by Mike Hardman.
7:00 of 3rd period - Shot Misses the Net.
7:48 of 3rd period - Off-side.
7:49 of 3rd period - Lias Andersson wins face-off versus Joseph Gambardella in neutral zone.
7:52 of 3rd period - Shot by Gavin Bayreuther.
7:52 of 3rd period - Shot Blocked by Connor Hobbs.
7:54 of 3rd period - Shot by Nikita Nesterenko.
7:54 of 3rd period - Shot Blocked by Tanner Pearson.
7:56 of 3rd period - Shot by Jonathan Toews.
7:56 of 3rd period - Shot Misses the Net.
8:09 of 3rd period - Off-side.
8:10 of 3rd period - Scott Reedy wins face-off versus Jeremy Gregoire in neutral zone.
8:45 of 3rd period - Shot by Scott Reedy.
8:45 of 3rd period - Shot Blocked by Michael Mersch.
10:19 of 3rd period - Shot by Lias Andersson.
10:19 of 3rd period - Goal by Lias Andersson - Palm Springs Eager : 4 - Wild : 1.
10:20 of 3rd period - Danick Martel wins face-off versus Scott Reedy in neutral zone.
10:20 of 3rd period - Danick Martel is hit by Scott Reedy.
10:26 of 3rd period - Minor Penalty to Radko Gudas for Charging.
10:27 of 3rd period - Jonathan Toews wins face-off versus Danick Martel in Palm Springs Eager zone.
10:42 of 3rd period - Shot by Anthony Louis.
10:42 of 3rd period - Deflect By Taylor Raddysh.
10:42 of 3rd period - Stopped by Anton Forsberg without a rebound.
10:43 of 3rd period - Danick Martel wins face-off versus Jonathan Toews in Palm Springs Eager zone.
10:43 of 3rd period - Anthony Louis is hit by Ryan Graves and loses puck.
11:02 of 3rd period - Shot by Anthony Louis.
11:02 of 3rd period - Stopped by Anton Forsberg without a rebound.
11:03 of 3rd period - Joseph Gambardella wins face-off versus Jonathan Toews in Palm Springs Eager zone.
11:06 of 3rd period - Shot by Anders Bjork.
11:06 of 3rd period - Deflect By Joseph Gambardella.
11:06 of 3rd period - Goal by Joseph Gambardella - Palm Springs Eager : 4 - Wild : 2.
11:07 of 3rd period - Nico Sturm wins face-off versus Jeremy Gregoire in neutral zone.
11:26 of 3rd period - Eemeli Rasanen is hit by Mike Hardman and loses puck.
11:40 of 3rd period - Shot by Michael Mersch.
11:40 of 3rd period - Shot Misses the Net.
11:57 of 3rd period - Minor Penalty to Jonathan Toews for High sticking.
11:58 of 3rd period - Joseph Gambardella wins face-off versus Lias Andersson in Palm Springs Eager zone.
12:28 of 3rd period - Icing by Jalen Chatfield.
12:29 of 3rd period - Joseph Gambardella wins face-off versus Saku Maenalanen in Wild zone.
13:00 of 3rd period - Shot by Taylor Raddysh.
13:00 of 3rd period - Shot Blocked by Scott Mayfield.
13:10 of 3rd period - Shot by Ben Gleason.
13:10 of 3rd period - Deflect By Anthony Louis.
13:10 of 3rd period - Stopped by Anton Forsberg without a rebound.
13:11 of 3rd period - Danick Martel wins face-off versus Steven Lorentz in Palm Springs Eager zone.
13:16 of 3rd period - Shot by Connor Hobbs.
13:16 of 3rd period - Stopped by Anton Forsberg without a rebound.
13:17 of 3rd period - Lias Andersson wins face-off versus Danick Martel in Palm Springs Eager zone.
13:31 of 3rd period - Icing by Danick Martel.
13:32 of 3rd period - Danick Martel wins face-off versus Lias Andersson in Wild zone.
13:32 of 3rd period - Danick Martel is hit by Radko Gudas.
14:13 of 3rd period - Nico Sturm is hit by Tanner Pearson and loses puck.
14:23 of 3rd period - Joseph Gambardella is hit by Colin Miller and loses puck.
15:12 of 3rd period - Shot by Kasper Bjorkqvist.
15:12 of 3rd period - Stopped by Anton Forsberg without a rebound.
15:13 of 3rd period - Scott Reedy wins face-off versus Danick Martel in Palm Springs Eager zone.
15:41 of 3rd period - Danick Martel is hit by Radko Gudas and loses puck.
15:55 of 3rd period - Taylor Raddysh is hit by Radko Gudas and loses puck.
16:07 of 3rd period - Icing by Anthony Louis.
16:08 of 3rd period - Lias Andersson wins face-off versus Danick Martel in Wild zone.
16:10 of 3rd period - Minor Penalty to Connor Hobbs for Holding.
16:11 of 3rd period - Tanner Pearson wins face-off versus Nico Sturm in Wild zone.
16:19 of 3rd period - Saku Maenalanen is hit by Dillon Simpson and loses puck.
16:51 of 3rd period - Shot by Mike Hardman.
16:51 of 3rd period - Stopped by Maxime Lagace with a rebound.
18:39 of 3rd period - Shot by Lias Andersson.
18:39 of 3rd period - Stopped by Maxime Lagace without a rebound.
18:40 of 3rd period - Jeremy Gregoire wins face-off versus Scott Reedy in Wild zone.
18:59 of 3rd period - Shot by Alexander Campbell.
18:59 of 3rd period - Stopped by Maxime Lagace without a rebound.
19:00 of 3rd period - Joseph Gambardella wins face-off versus Nico Sturm in Wild zone.
19:00 of 3rd period - Joseph Gambardella is hit by Mike Hardman.
19:07 of 3rd period - Connor Hobbs is hit by Colin Miller and loses puck.
19:22 of 3rd period - Shot by Nico Sturm.
19:22 of 3rd period - Shot Blocked by Connor Hobbs.
19:45 of 3rd period - Icing by Scott Mayfield.
19:46 of 3rd period - Danick Martel wins face-off versus Jonathan Toews in Palm Springs Eager zone.
19:51 of 3rd period - Shot by Danick Martel.
19:51 of 3rd period - Shot Misses the Net.
19:53 of 3rd period - Shot by Dillon Simpson.
19:53 of 3rd period - Shot Blocked by Jonathan Toews.
Goals for this period are 1 for Palm Springs Eager vs 1 for Wild.
Shots for this period are 6 for Palm Springs Eager vs 8 for Wild.